 Dungeon Crawl Stone Soup version 0.20-a0-850-ge5a7832 (webtiles) character file.

7359 nikopol the Thaumaturge (level 10, -8/50 HPs)
             Began as a Deep Elf Fire Elementalist on Mar 10, 2017.
             Was a Believer of Vehumet.
             Killed from afar by an ice dragon (31 damage)
             ... with a blast of cold
             ... in an ice cave.
             The game lasted 01:05:52 (11212 turns).

nikopol the Thaumaturge (DEFE)                     Turns: 11212, Time: 01:05:53

Health: -8/50      AC:  4    Str:  5    XL:     10   Next: 91%
Magic:  16/36      EV: 19    Int: 24    God:    Vehumet [**....]
Gold:   458        SH:  0    Dex: 15    Spells: 16/31 levels left

rFire    + . .     SeeInvis .   H - +0 short sword (speed)
rCold    . . .     Gourm    .   a - +0 robe
rNeg     . . .     Faith    .   (no shield)
rPois    .         Spirit   .   (no helmet)
rElec    .         Reflect  .   (no cloak)
rCorr    .         Harm     .   (no gloves)
MR       +....                  d - +1 pair of boots
Stlth    ++........             y - amulet of magic regeneration
Regen    0.2/turn               I - ring of protection from fire
MPRegen  0.4/turn               p - ring of magical power

@: no status effects
A: no striking features
a: Renounce Religion


You were in an ice cave.
You worshipped Vehumet.
Vehumet was pleased with you.
You were hungry.

You visited 3 branches of the dungeon, and saw 10 of its levels.
You also visited: Ossuary and Ice Cave.

You collected 458 gold pieces.

Inventory:

Hand Weapons
 f - a +0 short sword
 H - a +0 short sword of speed (weapon)
Armour
 a - a +0 robe (worn)
 d - a +1 pair of boots (worn)
Magical Staves
 A - an uncursed staff of summoning
Jewellery
 p - a ring of magical power (left hand)
 y - an amulet of magic regeneration (around neck)
 F - an uncursed ring of resist corrosion
 I - a ring of protection from fire (right hand)
Wands
 w - a wand of random effects (10/48)
 D - a wand of flame (26/48)
Scrolls
 g - a scroll of enchant armour
 h - 2 scrolls of random uselessness
 j - 6 scrolls of remove curse
 k - a scroll of fear
 o - 8 scrolls of identify
 q - a scroll of teleportation
 t - a scroll of holy word {unknown}
 u - 4 scrolls of enchant weapon {unknown}
 z - a scroll of recharging
 B - 2 scrolls of magic mapping
 E - a scroll of vulnerability {unknown}
Potions
 e - a potion of berserk rage {unknown}
 l - 2 potions of invisibility {unknown}
 m - 2 potions of haste
 n - 2 potions of curing
 r - 2 potions of mutation {unknown}
 s - a potion of heal wounds {unknown}
 v - 2 potions of lignification {unknown}
 x - a potion of might {unknown}
 C - a potion of magic {unknown}
 G - 2 potions of ambrosia {unknown}
 J - a potion of brilliance {unknown}
 K - a potion of flight {unknown}
Books
 b - a book of Flames

   Spells                             Type                      Level
   a - Flame Tongue                   Conjuration/Fire             1
   b - Throw Flame                    Conjuration/Fire             2
   c - Conjure Flame                  Conjuration/Fire             3
   d - Inner Flame                    Hexes/Fire                   3
   e - Sticky Flame                   Conjuration/Fire             4
   f - Fireball                       Conjuration/Fire             5
 L - a book of Conjurations

   Spells                             Type                      Level
   a - Magic Dart                     Conjuration                  1
   b - Searing Ray                    Conjuration                  2
   c - Dazzling Spray                 Conjuration/Hexes            3
   d - Fulminant Prism                Conjuration/Hexes            4
   e - Force Lance                    Conjuration/Translocation    4
   f - Iskenderun's Mystic Blast      Conjuration                  4
Comestibles
 c - 4 bread rations
 i - 4 meat rations
 N - a royal jelly


   Skills:
 + Level 10.2 Dodging
 - Level 2.4 Stealth
 + Level 11.2 Spellcasting
 + Level 9.3 Conjurations
 + Level 10.0 Fire Magic


You had 16 spell levels left.
You knew the following spells:

 Your Spells              Type           Power        Failure   Level  Hunger
a - Flame Tongue          Conj/Fire      #####        1%          1    None
b - Throw Flame           Conj/Fire      ######       1%          2    None
c - Conjure Flame         Conj/Fire      ######..     1%          3    None
d - Fireball              Conj/Fire      ######....   2%          5    ####...
e - Iskenderun's Mystic   Conj           ######..     1%          4    None


Dungeon Overview and Level Annotations

Branches:
Dungeon (8/15)             Temple (1/1) D:4            Lair (1/6) D:8

Altars:
Ashenzari
Cheibriados
Dithmenos
Elyvilon
Fedhas
Gozag
Kikubaaqudgha
Makhleb
Nemelex Xobeh
Okawaru
Qazlal
Ru
Sif Muna
Trog
Uskayaw
Vehumet
Wu Jian
Xom
Yredelemnul
Zin
The Shining One

Shops:
D:3 *


Message History

The ice dragon is burned terribly!
The ice dragon is moderately wounded.
The fireball engulfs the ice dragon.
The ice dragon is burned terribly!
The ice dragon is heavily wounded.
The ice dragon is engulfed in blazing flames.
Casting: Fireball
Confirm with . or Enter, or press ? or * to list all spells.
Aiming: Flame Tongue
Press: ? - help, Shift-Dir - straight line, f/p - ice dragon
Aim: an ice dragon (heavily wounded)
The flame tongue hits the ice dragon.
The ice dragon is burned terribly!
The ice dragon is heavily wounded.
The ice dragon bites you! The ice dragon claws you!
The ice dragon tramples you.
You stumble backwards!
The ice dragon is engulfed in blazing flames.
The ice dragon breathes frost at you.
The blast of cold hits the ice dragon.
The ice dragon resists.
The blast of cold hits you!
Ouch! That really hurt!
You die...

.. ##..
#.. #..
#D##
#..##
#D..#
#..#####
##@#...##
#...#..#
#..##.##
##.#..#
###.###
#...##
###..##
##..##
##..#


You could see 2 ice dragons.

Vanquished Creatures
  A two-headed ogre (D:7)
  A centaur zombie (D:8)
  2 ice statues (IceCv)
  A rime drake (IceCv)
  A hippogriff (D:8)
  3 yaks (D:7)
  A basilisk (D:8)
  2 wyverns (D:8)
  The ghost of Soeti the Digger, an amateur GrEE (D:3)
  An acid dragon (D:8)
  An orc warrior (D:6)
  A sky beast (D:5)
  16 ice beasts
  5 ogres
  2 centaurs
  2 crocodiles (D:8)
  4 bullfrogs
  6 water moccasin zombies (Ossuary)
  A scorpion (D:8)
  3 killer bees (D:8)
  3 howler monkeys (D:7)
  2 jellies (D:6)
  5 orc priests
  4 hounds
  7 orc wizards
  2 iguanas
  2 worker ants
  7 big kobold zombies (Ossuary)
  A hound skeleton (D:8)
  2 mummies (Ossuary)
  A howler monkey zombie (D:7)
  A worker ant zombie (D:6)
  13 adders
  2 shadow imps
  2 oozes
  An adder skeleton (D:5)
  8 adder zombies (Ossuary)
  4 worms
  3 dart slugs
  3 leopard geckos
  10 orcs
  3 giant cockroaches
  8 goblins
  13 hobgoblins
  10 jackals
  5 kobolds
  3 quokkas
  3 ball pythons
  A ball python skeleton (D:4)
  8 bats
  4 frilled lizards
  7 gnoll zombies (Ossuary)
  A goblin skeleton (D:4)
  A goblin zombie (D:4)
  5 hobgoblin zombies
  2 jackal zombies
  9 kobold zombies
  An orc skeleton (D:4)
  5 orc zombies
  2 quokka zombies (D:4)
  7 rats
236 creatures vanquished.

Vanquished Creatures (others)
  An iguana (D:5)
  A hobgoblin zombie (Ossuary)
  A kobold zombie (Ossuary)
3 creatures vanquished.

Grand Total: 239 creatures vanquished

Notes
Turn   | Place    | Note
-------+----------+-------------------------------------------
     0 | D:1      | nikopol the Deep Elf Fire Elementalist began the quest for the Orb.
     0 | D:1      | Reached XP level 1. HP: 10/10 MP: 6/6
   172 | D:1      | Reached XP level 2. HP: 15/15 MP: 5/8
   176 | D:1      | Learned a level 2 spell: Throw Flame
   515 | D:1      | Reached XP level 3. HP: 19/19 MP: 6/10
   523 | D:1      | Learned a level 3 spell: Conjure Flame
   968 | D:2      | Reached skill level 4 in Spellcasting
  1115 | D:2      | Reached XP level 4. HP: 22/24 MP: 6/12
  1348 | D:2      | Found a shattered altar of Ashenzari.
  1889 | D:3      | Found Gozag's Platinum Reserve.
  2071 | D:3      | Found an opulent altar of Gozag.
  2313 | D:3      | Noticed Soeti's ghost (amateur GrEE)
  2335 | D:3      | Killed Soeti's ghost
  2335 | D:3      | Reached XP level 5. HP: 7/28 MP: 2/14
  2634 | D:3      | Found a snail-covered altar of Cheibriados.
  2774 | D:3      | Found an iron altar of Okawaru.
  2970 | D:3      | Reached skill level 5 in Spellcasting
  3045 | D:4      | Found a glowing golden altar of the Shining One.
  3100 | D:4      | Reached XP level 6. HP: 30/32 MP: 5/15
  3149 | D:4      | Found a basalt altar of Yredelemnul.
  3155 | D:4      | Found a sand-covered staircase.
  3162 | Ossuary  | Entered an ossuary
  3270 | Ossuary  | HP: 1/32 [gnoll zombie (3)]
  3593 | Ossuary  | Learned a level 5 spell: Fireball
  3615 | Ossuary  | Reached skill level 5 in Fire Magic
  3628 | Ossuary  | Reached skill level 5 in Dodging
  3628 | Ossuary  | Reached XP level 7. HP: 11/36 MP: 2/17
  4518 | Ossuary  | Reached skill level 6 in Spellcasting
  5031 | D:4      | Reached skill level 5 in Conjurations
  5210 | D:4      | Found a staircase to the Ecumenical Temple.
  5221 | Temple   | Entered the Ecumenical Temple
  5666 | D:5      | Entered Level 5 of the Dungeon
  5755 | D:5      | Found a stormy altar of Qazlal.
  6152 | D:5      | Reached XP level 8. HP: 41/41 MP: 18/20
  6372 | D:5      | Found a radiant altar of Vehumet.
  6973 | D:6      | Reached skill level 7 in Spellcasting
  7372 | D:6      | Found a white marble altar of Elyvilon.
  7508 | D:5      | Became a worshipper of Vehumet
  7713 | D:6      | Reached skill level 8 in Spellcasting
  7840 | D:6      | Found an ornate altar of the Wu Jian Council.
  7965 | D:7      | Found a bloodstained altar of Trog.
  8048 | D:7      | Reached XP level 9. HP: 45/45 MP: 23/23
  8547 | D:7      | Reached skill level 9 in Spellcasting
  8787 | D:7      | Found a burning altar of Makhleb.
  8863 | D:7      | Noticed a two-headed ogre
  8880 | D:7      | Killed a two-headed ogre
  9270 | D:8      | Reached XP level 10. HP: 16/50 MP: 24/25
  9681 | D:8      | Learned a level 4 spell: Iskenderun's Mystic Blast
  9689 | D:8      | Reached * piety under Vehumet
  9689 | D:8      | Offered knowledge of Freeze by Vehumet.
  9802 | D:8      | Reached skill level 10 in Spellcasting
 10570 | D:8      | Found a staircase to the Lair.
 10579 | Lair:1   | Entered Level 1 of the Lair of Beasts
 10606 | Lair:1   | Found a frozen archway.
 10615 | IceCv    | Entered an ice cave
 10765 | IceCv    | Offered knowledge of Sting by Vehumet.
 10783 | IceCv    | Reached skill level 11 in Spellcasting
 10817 | IceCv    | Noticed an ice statue
 10817 | IceCv    | Noticed an ice statue
 11107 | IceCv    | Killed an ice statue
 11107 | IceCv    | Reached ** piety under Vehumet
 11107 | IceCv    | Reached skill level 10 in Dodging
 11115 | IceCv    | Killed an ice statue
 11185 | IceCv    | Reached skill level 10 in Fire Magic
 11205 | IceCv    | Noticed an ice dragon
 11206 | IceCv    | Noticed an ice dragon
 11212 | IceCv    | Killed from afar by an ice dragon

Vault maps used:
D:1:      ncdulo_lavacross
D:2:      nicolae_ashenzari_panopticon
D:3:      okawaru_gym_becter, nicolae_gozag_zags_fifth_avenue,
          overflow_temple_1_default
D:4:      nicolae_overflow_crystal_walls, minmay_temple_entry_hall, first_bread,
          enter_ossuary_4, chequers_big_river, nicolae_tso_besieged_by_evil
D:5:      nicolae_qazlal_eye_of_the_storm, lemuel_crystal_altar, kennysheep_dice
D:6:      lemuel_crystal_altar, lemuel_coloured_pillars_altar
D:7:      makhleb_grotto_becter, lemuel_round_altar
D:8:      erik_lair_dragon, st_stairs_14
Temple:   compressed_dpeg_circular_temple
Lair:1:   beast_lair_carwin_large_1, special_room,
          portal_ice_cave_entry_pillars_2, lab_entry_generic
Ossuary:  ossuary_tomb_2
IceCv:    ice_cave_small_dragons

Skill      XL: |  1  2  3  4  5  6  7  8  9 10 |
---------------+-------------------------------+-----
Conjurations   | 2 3 4 5 6 8 9 |  9.3
Dodging        | 3 4 5 7 8 10 | 10.2
Spellcasting   | 4 5 6 8 9 11 | 11.2
Fire Magic     | 4 5 6 7 8 10 | 10.0
Stealth        | |  2.4

Action                   |  1- 3 |  4- 6 |  7- 9 | 10-12 || total
-------------------------+-------+-------+-------+-------++-------
Melee: Short sword       |     4 |    10 |    28 |     1 ||    43
 Cast: Flame Tongue      |    54 |   145 |   229 |   129 ||   557
       Throw Flame       |     1 |    23 |    76 |    35 ||   135
       Conjure Flame     |       |     1 |     6 |     4 ||    11
       Fireball          |       |       |     4 |     8 ||    12
  Use: Scroll            |       |     6 |     2 |     4 ||    12
       Potion            |       |     1 |     1 |       ||     2
  Eat: Chunk             |       |     7 |    12 |     5 ||    24
       Royal jelly       |       |       |     1 |     1 ||     2
       Bread ration      |       |       |     1 |       ||     1
Armor: Robe              |     5 |    14 |    16 |     5 ||    40
Dodge: Dodged            |    17 |    64 |    88 |    48 ||   217
